Cogmind - Beta 14 @@@ ROGUE MODE // 2024.11.30 @ 21:44:26 Player: ElOhTeeBee Result: Destroyed by WW-7OV(R) with Subdweller Machine Gun Performance ------------- Evolutions (0) 0 Regions Visited (3) 600 Robots Destroyed (13) 65 Value Destroyed (438) 438 Prototype IDs (3) 60 Alien Tech Used (0) 0 Bonus (0) 0 TOTAL SCORE: 1163 Bonus ------- None Cogmind --------- Core Integrity 0/250 Matter 271/300 Energy 100/100 System Corruption 0% Temperature Cool (0) Movement Core (400) Ox7 Location -10/Subcaves Parts ------- > --- POWER (1) -------- (None) > --- PROPULSION (2) --- (None) > --- UTILITY (2) ------ Medium Storage Unit Sensor Drone Bay (20/20) > --- WEAPON (2) ------- (None) > --- INVENTORY (10) --- Light Ion Engine Aluminum Leg Improved Heat Sink Medium Storage Unit Large Storage Unit Large Storage Unit Terrain Scanner Light Armor Plating Light Armor Plating Peak State ------------ > --- POWER ------------ Ion Engine > --- PROPULSION ------- Aluminum Leg Aluminum Leg > --- UTILITY ---------- Medium Storage Unit Sensor Drone Bay > --- WEAPON ----------- Light Assault Rifle Light Assault Rifle > --- INVENTORY -------- Light Ion Engine Aluminum Leg Improved Heat Sink Medium Storage Unit Large Storage Unit Large Storage Unit Terrain Scanner Light Armor Plating Light Armor Plating Grenade Launcher [Rating: 15] Favorites ----------- Power Ion Engine Engine Ion Engine Propulsion Aluminum Leg Leg Aluminum Leg Utility Medium Storage Unit Device Sensor Drone Bay Storage Medium Storage Unit Weapon Light Assault Rifle Ballistic Gun Light Assault Rifle Launcher Grenade Launcher Build | -11 -10 -10 -10 ------- Run | Yrd Mat Min Sub Slots Evolved . | . . . . Power . | . . . . Propulsion . | . . . . Utility . | . . . . Weapon . | . . . . Parts Attached 17 | 6 6 4 1 Power 1 | 1 . . . Engine 1 | 1 . . . Core . | . . . . Reactor . | . . . . Propulsion 4 | 2 . 2 . Treads . | . . . . Leg 4 | 2 . 2 . Wheel . | . . . . Hover . | . . . . Flight . | . . . . Utility 6 | 1 4 1 . Device 2 | . 1 1 . Storage 4 | 1 3 . . Processor . | . . . . Hackware . | . . . . Protection . | . . . . Artifact . | . . . . Weapon 6 | 2 2 1 1 Energy Gun . | . . . . Energy Cannon . | . . . . Ballistic Gun 5 | 2 2 1 . Ballistic Cannon . | . . . . Launcher 1 | . . . 1 Special Weapon . | . . . . Impact Weapon . | . . . . Slashing Weapon . | . . . . Piercing Weapon . | . . . . Special Melee Weapon . | . . . . Unidentified Prototypes 1 | . . 1 . Parts Lost 6 | . . . 6 Power 1 | . . . 1 Propulsion 2 | . . . 2 Utility . | . . . . Weapon 3 | . . . 3 Highest Loss Streak 6 | . . . 6 To Critical Strikes . | . . . . Average Slot Usage (%) 95 | . 90 100 87 Engine 13 | . 14 14 12 Leg 27 | . 28 28 23 Device 11 | . 5 14 14 Storage 14 | . 14 14 14 Ballistic Gun 27 | . 28 28 21 Peak Build Rating 15 | 6 8 15 15 Average Rating 11 | 4 7 12 14 On Entrance 7 | . 6 8 15 Naked Turns . | . . . . Heaviest Build 32 | 12 18 32 32 Greatest Support 20 | 20 20 20 20 Greatest Overweight (x) 7 | . . 1 7 Average Overweight (x) . | . . . 1 Largest Inventory Capacity 15 | 8 15 10 10 Average Capacity 9 | 7 9 10 10 Most Carried 10 | 6 10 10 10 Average Carried 9 | 3 9 9 9 Final Capacity 10 | 8 10 10 10 Final Carried 10 | 6 10 10 9 Class Distribution -------------------- 90% | Mutant 10% | Scavenger-Mutant Dominant Class ---------------- Mutant | -10/Materials Mutant | -10/Mines Mutant | -10/Subcaves Resources | -11 -10 -10 -10 ----------- Run | Yrd Mat Min Sub Matter Collected 412 | 218 35 123 36 Remotely . | . . . . Salvage Created 363 | . 35 135 193 Parts 17 | . 2 4 11 Haulers Intercepted . | . . . . Recyclers Shooed . | . . . . Parts Field Recycled . | . . . . Retrieved Matter . | . . . . Parts Self-Destructed 6 | . . . 6 Prevented . | . . . . Kills | -11 -10 -10 -10 ------- Run | Yrd Mat Min Sub Combat Hostiles Destroyed 13 | . 2 3 8 Guns 6 | . 2 3 1 AOE 7 | . . . 7 Classes Destroyed 3 | . 1 1 1 Swarmer 3 | . 2 . 1 Grunt 3 | . . 3 . Subdweller 7 | . . . 7 Best Kill Streak 7 | . 2 2 7 Combat Bots Only 7 | . 2 2 7 Max Kills in Single Turn 3 | . 1 2 3 Gunslinging 1 | . . 1 . Exploded 3 | . . . 3 Melee . | . . . . Uniques/NPCs Destroyed . | . . . . Combat | -11 -10 -10 -10 -------- Run | Yrd Mat Min Sub Hostile Shots Fired 108 | . 13 24 71 Missed 34 | . 1 8 25 Damage Taken 1159 | . 96 222 841 Core 269 | . 37 38 194 Absorbed by Shields . | . . . . Core Remaining (%) 100 | 100 . . . Volleys Fired 31 | . 5 13 13 Largest 2 | . 2 2 2 Hottest 40 | . 40 40 40 Shots Fired 59 | . 10 26 23 Gun 56 | . 10 26 20 Cannon . | . . . . Launcher 3 | . . . 3 Special . | . . . . Kinetic 56 | . 10 26 20 Thermal . | . . . . Explosive 3 | . . . 3 Electromagnetic . | . . . . Robot Hit Streak 19 | . 3 5 19 Robot Miss Streak 4 | . 4 2 2 Penetration Max . | . . . . Secondary Targets 2 | . . 1 1 Max Gunslinging Chain 1 | . . 1 1 Shots Hit Robots 42 | . 4 18 20 Core Hits 31 | . 3 10 18 Critical Kills . | . . . . Critical Parts Destroyed . | . . . . Critical Strikes 1 | . . . 1 Destroy 1 | . . . 1 Melee Attacks . | . . . . Impact . | . . . . Slashing . | . . . . Piercing . | . . . . Sneak Attacks . | . . . . Combat Hostiles . | . . . . Follow-up Attacks . | . . . . Damage Inflicted 1171 | . 33 155 983 Guns 364 | . 33 155 176 Cannons . | . . . . Explosions 806 | . . . 806 Melee . | . . . . Ramming 1 | . . . 1 Kinetic 364 | . 33 155 176 Thermal . | . . . . Explosive 806 | . . . 806 Electromagnetic . | . . . . Impact . | . . . . Slashing . | . . . . Piercing . | . . . . Highest Corruption . | . . . . Average Corruption . | . . . . Corruption Purged . | . . . . Corruption Blocked . | . . . . Overload Shots . | . . . . Overflow Damage 1 | . . . 1 Projectiles . | . . . . Explosions 1 | . . . 1 Melee . | . . . . Knockbacks . | . . . . Impact . | . . . . Kinetic . | . . . . Secondary . | . . . . Self-Inflicted Damage 35 | . . . 35 Shots 3 | . . . 3 Rammed 1 | . . . 1 Targets Rammed 1 | . . . 1 Kicked . | . . . . Crushed . | . . . . Highest Temperature 25 | . . 25 . Average Temperature 12 | . . 12 . Received Heat Transfer 279 | . . 132 147 Siege Activations . | . . . . Robots Corrupted . | . . . . Combat Hostiles . | . . . . Parts Fried . | . . . . Impact Corruptions . | . . . . Robots Melted . | . . . . Combat Hostiles . | . . . . Parts Melted . | . . . . Heat Transferred . | . . . . Parts Sabotaged . | . . . . Parts Stolen . | . . . . Parts Stripped . | . . . . Power Chain Reactions . | . . . . Alert | -11 -10 -10 -10 ------- Run | Yrd Mat Min Sub Peak Influence 105 | . 65 105 . Initial 25 | . . 25 . Average 36 | . 43 37 . Maximum Alert Level . | . . . . Low Security (%) 100 | 100 100 100 . Level 1 . | . . . . Level 2 . | . . . . Level 3 . | . . . . Level 4 . | . . . . Level 5 . | . . . . High Security . | . . . . Max Security . | . . . . Squads Dispatched . | . . . . Investigation . | . . . . Extermination . | . . . . Reinforcement . | . . . . Assault . | . . . . Garrison . | . . . . Intercept . | . . . . Searches Triggered . | . . . . Construction Impeded . | . . . . Haulers Reinforced . | . . . . Active Scanning Responses . | . . . . Cargo Convoy Interrupts . | . . . . Stealth | -11 -10 -10 -10 --------- Run | Yrd Mat Min Sub Distress Signals . | . . . . Communications Jammed . | . . . . Distress Signals . | . . . . Times Spotted 22 | . 3 3 16 Peak Tracking Total 9 | . 3 2 9 Tactical Retreats 2 | . 1 . 1 Traps | -11 -10 -10 -10 ------- Run | Yrd Mat Min Sub Traps Triggered . | . . . . Indirectly . | . . . . Trap Hack Attempts . | . . . . Triggered . | . . . . Disarmed . | . . . . Reprogrammed . | . . . . Reused . | . . . . Traps Extracted . | . . . . Installed . | . . . . Triggered 1 | . . . 1 Machines | -11 -10 -10 -10 ---------- Run | Yrd Mat Min Sub Machines Disabled . | . . . . Max in Single Turn . | . . . . Machines Repaired . | . . . . Machines Dismantled . | . . . . Machines Sabotaged . | . . . . Overloaded Fab Kills . | . . . . Hacking | -11 -10 -10 -10 --------- Run | Yrd Mat Min Sub Machines Accessed 2 | . 1 1 . Terminals 1 | . 1 . . Fabricators . | . . . . Repair Stations . | . . . . Recycling Units . | . . . . Scanalyzers . | . . . . Garrison Access . | . . . . Total Hacks 3 | . 2 1 . Successful 2 | . 1 1 . Failed 1 | . 1 . . Catastrophic . | . . . . Database Lockouts . | . . . . Manual . | . . . . Terminals 2 | . 2 . . Fabricators . | . . . . Repair Stations . | . . . . Recycling Units . | . . . . Scanalyzers . | . . . . Garrison Access . | . . . . Terminal Hacks 2 | . 1 1 . Prototype ID Bank 1 | . 1 . . Open Door 1 | . . 1 . Fabricator Hacks . | . . . . Repair Station Hacks . | . . . . Recycling Unit Hacks . | . . . . Scanalyzer . | . . . . Garrison Access Hacks . | . . . . Unauthorized Hacks . | . . . . Terminals . | . . . . Fabricators . | . . . . Repair Stations . | . . . . Recycling Units . | . . . . Scanalyzers . | . . . . Garrison Access . | . . . . Data Cores Recovered . | . . . . Used . | . . . . Hacking Detections 1 | . 1 . . Full Trace Events . | . . . . Feedback Events . | . . . . Feedback Blocked . | . . . . Robot Schematics Acquired . | . . . . Robots Built . | . . . . Authchips . | . . . . Time . | . . . . Total Robot Build Rating . | . . . . Part Schematics Acquired . | . . . . Parts Built . | . . . . Authchips . | . . . . Time . | . . . . Total Part Build Rating . | . . . . Parts Repaired . | . . . . Time . | . . . . Parts Recycled . | . . . . Recycled Matter . | . . . . Retrieved Matter . | . . . . Retrieved Components . | . . . . Parts Scanalyzed . | . . . . Part Schematics Acquired . | . . . . Parts Damaged . | . . . . Bothacking | -11 -10 -10 -10 ------------ Run | Yrd Mat Min Sub Used RIF Installer . | . . . . Robots Hacked . | . . . . Non-combat . | . . . . Combat . | . . . . Robot Hacks Applied . | . . . . Relay Couplers Released . | . . . . Fabnet Peak Effective % . | . . . . Robots Rewired . | . . . . Allies Hacked . | . . . . Hacks Repelled . | . . . . Allies | -11 -10 -10 -10 -------- Run | Yrd Mat Min Sub Total Allies . | . . . . Largest Group . | . . . . Highest-Rated Group . | . . . . Highest-Rated Ally . | . . . . Total Orders . | . . . . Ally Attacks . | . . . . Total Damage . | . . . . Kills . | . . . . Allies Corrupted . | . . . . Allies Melted . | . . . . Intel | -11 -10 -10 -10 ------- Run | Yrd Mat Min Sub Robot Analysis Total . | . . . . Derelict Logs Recovered 1 | . . 1 . Drone Launches . | . . . . Drone Recoveries . | . . . . Exploration | -11 -10 -10 -10 ------------- Run | Yrd Mat Min Sub Turns Passed 1593 | 79 398 896 220 Spaces Moved 963 | 57 305 512 89 Core 16 | 10 . . 6 Treads . | . . . . Legs 947 | 47 305 512 83 Wheels . | . . . . Hover . | . . . . Flight . | . . . . Fastest Speed 50 | 50 120 120 190 Average Speed 150 | 107 120 164 206 Slowest Speed 400 | 120 120 190 400 Overloaded Moves . | . . . . Propulsion Burnouts . | . . . . Robots Hopped . | . . . . Cave-ins Triggered . | . . . . Exploration Rate (%) 34 | 4 37 87 10 Regions Visited 3 Branch Regions 2 Pre-discovered Areas 1 | . . 1 . Known Exits Taken . | . . . . Unknown Exits Taken 3 | 1 1 1 . Scrap Searched 1 | . . 1 . Spaces Dug . | . . . . Terrain Destroyed 13 | . . . 13 Melee . | . . . . Projectile . | . . . . AOE 13 | . . . 13 Terrain Rammed . | . . . . Walls Destroyed . | . . . . Machines Disabled . | . . . . Actions | -11 -10 -10 -10 --------- Run | Yrd Mat Min Sub Total 1054 | 74 330 546 104 Wait 7 | . . 7 . Move 960 | 56 304 511 89 Hop . | . . . . Pick Up 26 | 12 9 5 . Fast Attach 1 | . . 1 . Attach 8 | 6 1 . 1 Detach . | . . . . Swap 8 | . 5 3 . Drop 12 | . 6 6 . Fire 31 | . 5 13 13 Melee . | . . . . Ram 1 | . . . 1 Kick . | . . . . Crush . | . . . . Escape Stasis . | . . . . Rewire . | . . . . Trap . | . . . . Miscellaneous . | . . . . Route ------- -11/Scrapyard -10/Materials (discovered 3 exits: [*Mat] / *Min x2) -10/Mines (discovered 4 exits: [*Mat x2] / [*Exi] / [*Sub]) -10/Subcaves (discovered 1 exit: [*Rec]) History --------- Turn | Location | Event 6 | -11/Scrapyard | Discovered new exit (range 14) 80 | -11/Scrapyard | Entered Materials 270 | -10/Materials | Discovered new exit (range 14) 293 | -10/Materials | Discovered new exit (range 16) 302 | -10/Materials | Build established: Mutant 378 | -10/Materials | Discovered new exit (range 16) 478 | -10/Materials | Entered Mines 563 | -10/Mines | Deemed a non-threat by the Exiles lab entrance 564 | -10/Mines | Discovered new exit (range 5) 615 | -10/Mines | Discovered new exit (range 9) 693 | -10/Mines | Discovered new exit (range 15) 743 | -10/Mines | Found the Drone Emporium 751 | -10/Mines | Found Prototype Device 752 | -10/Mines | Identified Sensor Drone Bay 895 | -10/Mines | Learned location of Storage (-8) 1325 | -10/Mines | Discovered new exit (range 8) 1374 | -10/Mines | Entered Subcaves 1374 | -10/Subcaves | Discovered new exit (range 8) 1524 | -10/Subcaves | Ambushed by swarm of Subdwellers 1539 | -10/Subcaves | Core integrity fell below 50% 1557 | -10/Subcaves | Core integrity fell below 20% 1588 | -10/Subcaves | Destroyed 7 combat bots 1590 | -10/Subcaves | Lost 4 allies 1594 | -10/Subcaves | Destroyed by WW-7OV(R) with Subdweller Machine Gun Last Messages --------------- Destroyed Aluminum Leg. Grenade Launcher destroyed. Subatomizers dissect the Myomer Leg. WW-7OV(R) affixes Scrap Shield Fragment to Scrap Shield. BA-J46(R) affixes Scrap Shield Fragment to Scrap Shield. Slammed into WW-7OV(R). WW-7OV(R) affixes Scrap Shield Fragment to Scrap Shield. BA-J46(R) affixes Scrap Shield Fragment to Scrap Shield. Subatomizers dissect the Myomer Leg. WW-7OV(R) affixes Scrap Shield Fragment to Scrap Shield. BA-J46(R) affixes Scrap Shield Fragment to Scrap Shield. WW-7OV(R) affixes Scrap Shield Fragment to Scrap Shield. Subatomizers dissect the Myomer Leg. Map ----- +----------------------------------------------------+ | | | | | | | | | | | ?????????????????????????????????????????????????? | | ?????????????????????????????????????????????????? | | ?????????????????????????????????????????????????? | | ?????????????????????????????????????????????????? | | ?????????????????????????????????????????????????? | | ?????????????????????????????????????????????????? | | ?????????????????????????????????????????????????? | | ?????????????????????????????????????????????????? | | ?????????????????????????????????????????????????? | | ?????????????????????????????????????????????????? | | ?????????????????????????????????????????????????? | | ???????????????????????????????? "???????????????? | | ???????????????????????????????? "???????????????? | | ???????????????????????????????" #??????????????? | | ?????????????????????#####?????"""##?????????????? | | ??????????????????#### #?????""""#?####????????? | | ???##????????###### #?????? " # #????????? | | ???# ???????# ####### ##????????? | | ???# ???????# # ^ # #????????? | | ???# #??????# ## ###??????? | | ????# #?????# ## @ & =!!%* % < ##?????? | | ?????# ##???# % ! &%== #????? | | ?????# #?## ##= R R*=%!###"#????????? | | ?????# ## ####### !&%% [ ###"##????????? | | ?????# ## ##?????### ### = ## | | ????# ## ######???????? ##?#! | | ????? ???## ####??????????#???# ## | | ?????????## #??????????????# ##???? ? | | ?????????# #??????????????# ####?????????? | | ????????## #??????????????# #????????????? | | ????????# ##??????????????# ????????????? | | ????????# #???????????????# ????????????? | | ????????## #???????????????## ???????????? | | ?????????# ##????????????????# ???????????? | | ????????## #?????????????????# ??????????? | | ????????# ##?????????????????# ??????????? | | ??????### ##??????????????????# ??????????? | | ## ##??????????????????? ??????????? | | #???????????????????? #?????????? | | ## ##???????????????????### ??????????? | | ##?## #?????????????????????? ????????????? | | #?????# #???????????????????????????????????? | | ??????## ##???????????????????????????????????? | | ?????????# ##???????????????????????????????????? | | ?????????# ###?????????????????????????????????? | +----------------------------------------------------+ Best States ------------- Heat Dissipation 25 Energy Generation 10 Energy Capacity 250 Matter Stores 300 Matter Capacity 300 Sight Range 16 Terrain Scan Range 14 Terrain Scan Density 10 Evasion (%) 55 Item Schematics ----------------- None Robot Schematics ------------------ None Fabricated ------------ Nothing Alien Tech Used ----------------- None Achievements -------------- Risk Taker Challenges ------------ None Game ------ Seed DerelictSegregatorBasin Manual? 0 Play Time 00:23:17 Cumulative 1.3 hours Start 2024.11.30 @ 20:54:42 End 2024.11.30 @ 21:44:26 Sessions 3 Manual Loads 0 Difficulty Rogue Special Mode None Game No. 5 Rogue 5 Adventurer 0 Explorer 0 Win Type - Total 0 Types 0/0/0/0/0/0/0/0/0 Lore% 1 Gallery% 2 Achievement% 2 Wizard Run 0 Options --------- Layout 1 ASCII 0 Keyboard 0 Movement Numpad Keybinds 0 Fullscreen 2 Font 24/Smallcaps Map View 50x35 Zoom Use 0% Tactical HUD 0 Map Filters NONE Filters NONE Steam 1 RUN: 1229ed32-07d6-4332-acff-a6ab1d1286c2